Map: Dreamcatcher LE

Players

HeroMarine - Winner!

  • Race: Terran Terran
  • Spawn Location: 11:00

DnS

  • Race: Protoss Protoss
  • Spawn Location: 5:00

Event: WCS Austin 2018

VOD

Have the link to the VOD?

Description

Time

  • Played on: June 2, 2018, 2:06 p.m.
  • Length: 9:39

All games in this series

Show
View Real Time Build Order
Export as new Build Order

HeroMarine Terran - Winner!

Build Orders: Gas First Reaper Expand, Reaper Expand 

Get SALT Encoding   

  12  0:00  SCV  
  13  0:13  SCV  
  14  0:17  Supply Depot  
  14  0:25  SCV  
  15  0:29  Refinery  
  15  0:38  SCV  
  16  0:44  Barracks  
  16  0:50  SCV  
  17  1:02  SCV  
  18  1:15  SCV  
  19  1:31  Reaper  
  19  1:32  Orbital Command  
  20  1:45  Command Center  
  20  1:55  Factory  
  20  1:59  SCV  
  21  2:07  Barracks Reactor  
  21  2:11  SCV  
  21  2:13  Supply Depot  
  22  2:19  Refinery  
  22  2:23  SCV  
  23  2:35  SCV  
  24  2:40  Hellion  
  24  2:44  Marine x2, Factory  
  26  2:47  SCV  
  29  2:57  Orbital Command  
  29  3:05  Cyclone  
  32  3:07  SCV  
  32  3:12  Marine  
  34  3:13  Marine  
  34  3:19  SCV  
  36  3:22  SCV  
  37  3:32  Marine x2, Cyclone  
  42  3:36  Supply Depot  
  42  3:40  Cyclone  
  45  3:47  SCV  
  46  3:55  Supply Depot  
  46  3:58  Marine x2, SCV  
  46  3:59  SCV  
  50  4:05  Cyclone  
  53  4:10  SCV  
  53  4:16  Cyclone, SCV  
  58  4:17  Supply Depot, Marine x2  
  58  4:22  SCV  
  61  4:29  SCV  
  62  4:38  Marine x2  
  62  4:39  SCV  
  62  4:40  Supply Depot  
  62  4:41  Cyclone, SCV  
  69  4:51  SCV  
  70  4:54  SCV  
  70  4:56  Marine x2  
  66  5:03  SCV  
  66  5:06  SCV  
  56  5:14  Marine x2  
  56  5:15  SCV  
  56  5:16  Command Center, Factory Tech Lab  
  56  5:18  SCV  
  56  5:24  Cyclone  
  56  5:27  SCV  
  58  5:31  SCV  
  58  5:32  Marine x2  
  60  5:39  SCV  
  58  5:43  SCV  
  55  5:50  Marine x2  
  55  5:51  Siege Tank, SCV  
  55  5:54  Barracks  
  55  5:55  SCV  
  60  6:03  SCV  
  58  6:05  Engineering Bay  
  58  6:07  Marine, SCV  
  58  6:08  Marine  
  59  6:13  Barracks  
  59  6:15  SCV  
  60  6:19  SCV  
  60  6:21  Refinery  
  60  6:22  Refinery  
  60  6:23  Starport  
  61  6:25  Marine x2  
  61  6:27  Siege Tank  
  61  6:28  SCV  
  61  6:29  Orbital Command  
  61  6:31  SCV  
  67  6:40  SCV  
  67  6:41  Supply Depot  
  67  6:42  Barracks Tech Lab  
  67  6:43  Barracks, Marine x2, SCV  
  70  6:52  SCV  
  71  6:55  SCV  
  71  6:57  Terran Infantry Weapons Level 1  
  71  6:59  Siege Tank, Missile Turret  
  71  7:01  Barracks, Stimpack, Marine, Barracks Tech Lab  
  75  7:02  Marine  
  75  7:03  Marine  
  75  7:05  SCV  
  75  7:06  Starport Reactor  
  80  7:09  SCV  
  80  7:11  Orbital Command  
  80  7:15  Supply Depot  
  80  7:17  Factory Tech Lab, SCV  
  80  7:19  Marine  
  80  7:20  Marine  
  80  7:21  Marine x2  
  80  7:22  SCV  
  86  7:29  SCV  
  87  7:31  Barracks Reactor  
  87  7:34  SCV  
  87  7:36  Siege Tank, Combat Shields  
  91  7:38  SCV  
  91  7:39  Marine x3  
  91  7:41  Refinery, Marine, SCV  
  91  7:44  Supply Depot  
  97  7:45  Supply Depot  
  97  7:46  SCV  
  97  7:49  Medivac  
  97  7:50  SCV  
  101  7:52  Medivac  
  101  7:53  Refinery, SCV  
  101  7:57  Marine x2  
  101  7:58  SCV  
  108  7:59  Marine  
  108  8:02  Barracks Reactor, Marine  
  109  8:05  Supply Depot  
  109  8:06  Supply Depot, SCV  
  109  8:08  Marine x2  
  109  8:10  Missile Turret  
  109  8:12  Missile Turret  
  113  8:13  SCV  
  113  8:14  Marine  
  113  8:15  Marine, Siege Tank  
  113  8:17  Siege Tank  
  121  8:21  Marine x2  
  121  8:22  Medivac  
  121  8:26  Supply Depot  
  125  8:28  Supply Depot, Marine x2  
  125  8:32  Marine x2  
  129  8:36  Medivac  
  129  8:38  Marine x2  
  129  8:39  Marine x2  
  135  8:45  Marine  
  135  8:46  Marine  
  137  8:50  Marine x2  
  137  8:52  Siege Tank x2  
  137  8:55  Marine, Supply Depot  
  145  8:56  Marine  
  145  8:57  Marine x2  
  145  8:59  Medivac  
  151  9:03  Marine x2  
  151  9:08  Marine x2  
  154  9:13  Marine x2  
  154  9:15  Marine x2  
  157  9:21  Marine x2  
Show
View Real Time Build Order
Export as new Build Order

DnS Protoss 

Build Orders: 1 Gate Expand, Oracle Opening, Phoenix Opening 

Get SALT Encoding   

  12  0:00  Probe  
  13  0:12  Probe  
  14  0:17  Pylon  
  14  0:23  Probe  
  15  0:31  Probe  
  15  0:39  Gateway, Probe  
  16  0:45  Assimilator  
  17  0:50  Probe  
  18  1:03  Probe  
  19  1:15  Probe  
  20  1:22  Nexus  
  20  1:31  Cybernetics Core  
  20  1:34  Probe  
  21  1:40  Assimilator  
  21  1:46  Probe  
  22  1:50  Pylon  
  22  1:58  Probe  
  22  1:59  Adept  
  25  2:10  Probe  
  26  2:17  Stalker, Stargate  
  26  2:22  Probe  
  29  2:30  Probe  
  29  2:35  Probe  
  29  2:37  Warp Gate  
  31  2:38  Probe  
  32  2:47  Probe  
  32  2:48  Probe  
  34  2:55  Oracle  
  34  2:59  Probe  
  34  3:00  Probe  
  39  3:11  Stalker, Probe  
  39  3:12  Probe  
  43  3:16  Pylon  
  43  3:23  Probe  
  43  3:24  Probe  
  45  3:27  Gateway  
  45  3:29  Gateway  
  45  3:35  Probe  
  45  3:36  Phoenix, Probe  
  49  3:48  Probe x2  
  51  3:57  Pylon  
  51  4:00  Probe  
  52  4:07  Shield Battery  
  52  4:11  Oracle  
  52  4:15  Probe x2  
  56  4:27  Nexus  
  56  4:29  Pylon  
  57  4:31  Pylon, Probe x2  
  58  4:40  Stalker x2  
  58  4:45  Assimilator, Pylon  
  62  4:46  Assimilator  
  62  4:47  Probe  
  62  4:49  Stalker  
  58  5:03  Stalker  
  58  5:04  Stalker  
  51  5:14  Stalker, Probe  
  38  5:15  Probe  
  38  5:27  Stalker, Probe x2  
  38  5:28  Stalker  
  40  5:37  Stalker  
  40  5:41  Probe x2  
  36  5:45  Probe  
  36  5:49  Probe x2  
  36  5:53  Stalker  
  35  5:58  Probe  
  35  6:00  Probe  
  36  6:07  Probe  
  36  6:08  Probe  
  36  6:11  Probe  
  39  6:14  Stalker x2  
  39  6:17  Probe x2  
  39  6:18  Stalker  
  46  6:23  Probe  
  49  6:26  Probe  
  49  6:28  Probe  
  51  6:34  Probe  
  51  6:35  Probe  
  51  6:36  Probe  
  53  6:40  Sentry  
  53  6:42  Probe  
  53  6:45  Probe  
  57  6:47  Probe  
  57  6:50  Twilight Council  
  57  6:53  Protoss Ground Armor Level 1  
  59  6:54  Probe  
  59  6:56  Forge  
  59  6:57  Probe  
  59  6:59  Probe  
  62  7:06  Probe  
  63  7:09  Probe  
  63  7:11  Probe  
  65  7:18  Probe  
  65  7:21  Probe  
  67  7:23  Probe  
  67  7:24  Charge  
  67  7:26  Gateway  
  67  7:27  Gateway  
  67  7:29  Gateway  
  68  7:30  Probe  
  68  7:33  Probe  
  68  7:35  Sentry x2  
  74  7:39  Gateway x2  
  74  7:40  Zealot  
  76  7:45  Probe x2  
  76  7:46  Probe  
  79  7:52  Robotics Facility  
  79  7:57  Probe x2  
  79  7:58  Zealot x2, Probe  
  86  8:06  Zealot  
  86  8:10  Templar Archives  
  86  8:11  Assimilator, Probe x3  
  91  8:20  Pylon  
  91  8:22  Zealot  
  91  8:23  Zealot x2  
  97  8:31  Assimilator, Nexus  
  97  8:35  Zealot x2  
  97  8:41  Observer  
  102  8:46  Pylon  
  102  8:47  Gateway  
  102  8:49  Gateway  
  102  8:56  Zealot x2  
  106  9:06  High Templar  
  106  9:07  High Templar x3  
  112  9:10  Pylon  
  112  9:11  Archon x2, Pylon  
  112  9:13  Pylon  
  112  9:14  Zealot x2  
  111  9:20  Zealot  
  111  9:21  Zealot  
Tags
 
Add a new tag
Caveats
  • Supply blocks, unpowered buildings, or Contaminate may cause inaccurate times.
  • Supply counts are checked every 10 seconds.